 Dungeon Crawl Stone Soup version 0.29.0-4-gdea44cf6ec (webtiles) character file.

Game seed: 17209617307033661159

18592 qw the Brawler (level 12, -6/114 HPs)
             Began as a Troll Cinder Acolyte on Sept 2, 2022.
             Was an Initiate of Okawaru.
             Mangled by a ten-headed hydra (11 damage)
             ... on level 1 of the Lair of Beasts.
             The game lasted 00:05:54 (10109 turns).

qw the Brawler (Troll Cinder Acolyte)              Turns: 10109, Time: 00:05:55

Health: -6/114     AC: 16    Str: 29    XL:     12   Next: 29%
Magic:  12/12      EV:  8    Int: 10    God:    Okawaru [......]
Gold:   171        SH: 13    Dex:  5    Spells: 13/13 levels left

rFire   . . .      SeeInvis +     - Unarmed
rCold   + . .      Faith    .   r - +0 kite shield
rNeg    . . .      Spirit   .   i - +2 swamp dragon scales
rPois   +          Reflect  +   (helmet restricted)
rElec   .          Harm     .   (no cloak)
rCorr   .          Rampage  .   (gloves unavailable)
Will    .....                   (boots unavailable)
Stlth   ..........              u - amulet of reflection
HPRegen 1.09/turn               t - ring of see invisible
MPRegen 0.13/turn               l - ring of protection from cold

@: about to teleport, fire susceptible
A: large, unfitting armour, claws 3, regeneration 1, shaggy fur 1, tough skin 1,
iridescent scales 2
a: Renounce Religion


You were on level 1 of the Lair of Beasts.
You worshipped Okawaru.
Okawaru was noncommittal.
You visited 2 branches of the dungeon, and saw 12 of its levels.
You visited the Abyss 1 time.

You collected 785 gold pieces.
You spent 614 gold pieces at shops.


Innate Abilities, Weirdness & Mutations

You are too large for most types of armour.
You have claws for hands.
Your natural rate of healing is unusually fast.
You are covered in fur. (AC +1)
You have tough skin. (AC +1)
You are mostly covered in iridescent scales. (AC +4)


   Skills:
 - Level 6.0 Fighting
 - Level 4.5 Throwing
 - Level 3.1 Armour
 - Level 3.0 Dodging
 + Level 8.4 Shields
 - Level 15.4 Unarmed Combat
 - Level 1.0 Spellcasting
 - Level 2.1 Fire Magic


You had 13 spell levels left.
You didn't know any spells.
Your spell library contained the following spells:

 Spells                   Type           Power      Damage    Failure   Level
 Scorch                   Fire           8%         2d5       52%         2

Inventory:

Missiles
 e - a boomerang
 s - 8 large rocks (quivered)
Armour
 i - +2 swamp dragon scales (worn)
 r - a +0 kite shield (worn)
Jewellery
 a - a +6 ring of dexterity
 j - a ring of fire
 k - a ring of ice
 l - a ring of protection from cold (right claw)
 q - a ring of resist corrosion
 t - a ring of see invisible (left claw)
 u - an amulet of reflection (around neck)
Scrolls
 b - 4 scrolls of teleportation
 f - a scroll of identify
Potions
 c - 4 potions of curing
 d - a potion of cancellation
 g - a potion of lignification {unknown}
 h - a potion of degeneration {unknown}
 m - a potion of magic {unknown}
 n - a potion of might {unknown}
 p - a potion of berserk rage {unknown}

Dungeon Overview and Level Annotations

Branches:
Dungeon (11/15)            Temple (0/1) D:7            Lair (1/5) D:11
    Orc: D:9-12

Altars:
Dithmenos
Elyvilon
Hepliaklqana
Makhleb
Okawaru
Uskayaw
The Shining One

Shops:
D:2 !   D:5 (   D:9 =   D:10 =

Annotations:
D:8 2 transporters


Message History

The eight-headed hydra bites you but does no damage.
You block the eight-headed hydra's attack.
The eight-headed hydra barely misses you.
The eight-headed hydra bites you!
You scratch the eight-headed hydra.
The eight-headed hydra is lightly wounded.
You rip one of the eight-headed hydra's heads off!
The seven-headed hydra grows two more!
You claw the nine-headed hydra!
The nine-headed hydra is lightly wounded.
The nine-headed hydra bites you!
The nine-headed hydra barely misses you.
You block the nine-headed hydra's attack. x2
The nine-headed hydra bites you!
You block the nine-headed hydra's attack.
The nine-headed hydra barely misses you.
The nine-headed hydra bites you! x2
10107 ||| READING 5 scrolls of teleportation.
As you read the scroll of teleportation, it crumbles to dust.
You feel strangely unstable.
You block the nine-headed hydra's attack.
The nine-headed hydra bites you but does no damage.
You block the nine-headed hydra's attack.
The nine-headed hydra bites you.
The nine-headed hydra bites you but does no damage.
The nine-headed hydra bites you. x2
The nine-headed hydra bites you but does no damage. x2
10108 ||| DRINKING potion of heal wounds.
You feel much better. The nine-headed hydra bites you.
The nine-headed hydra bites you!
You block the nine-headed hydra's attack. x3
The nine-headed hydra bites you!
The nine-headed hydra closely misses you.
The nine-headed hydra bites you!
The nine-headed hydra barely misses you.
You tear one of the nine-headed hydra's heads off!
The eight-headed hydra grows two more!
You mangle the ten-headed hydra!!
The ten-headed hydra is moderately wounded.
The ten-headed hydra closely misses you.
The ten-headed hydra bites you!
You die...

.# .....#... ## ..
.........# ##. ## .#....
....###.. ..#.#..
#....... #..#.. #....>.
# ...# ###..... #.
##l#.######.....#.
#.##..#D##.....#.....###
#(...(@..........^.## #
#.#######....#....## ##
#..##..##.# ##.
#.####.######..
#.##....####...
#..............
#.............#
....#...<...##
#..##.#.###


You could see a ten-headed hydra and a wyvern.

Vanquished Creatures
  A blizzard demon (Abyss:2)
  Fannar (D:11)
  2 boulder beetles (D:11)
  A hydra (D:11)
  An ogre mage (D:11)
  A two-headed ogre (D:10)
  Erolcha (D:10)
  A tengu warrior (D:11)
  A spatial maelstrom (Abyss:2)
  A deep elf pyromancer (D:11)
  A wizard (D:11)
  3 ugly things (D:11)
  A manticore (D:11)
  2 cyclopes (D:11)
  Maggie (D:6)
  An unseen horror (D:11)
  A slime creature (D:11)
  3 trolls (D:11)
  A small abomination (Abyss:2)
  A shadow (D:10)
  2 wraiths
  11 yaks (D:10)
  2 wyverns
  A ynoxinul (Abyss:2)
  A vampire (D:10)
  A vampire mosquito (D:11)
  A steam dragon (D:8)
  3 water moccasins
  2 spatial vortices (Abyss:2)
  An ice beast (D:6)
  7 orc warriors
  2 black bears
  2 sky beasts
  4 centaurs
  A phantom (D:5)
  3 kobold brigands
  3 bullfrogs
  A gnoll sergeant (D:10)
  2 scorpions (D:5)
  10 wights
  19 killer bees
  4 howler monkeys
  A crimson imp (D:3)
  4 hounds
  3 gnoll boudas
  5 orc priests
  2 jellies (D:8)
  Terence (D:2)
  2 iguanas (D:5)
  14 orc wizards
  15 gnolls
  4 adders
  A shadow imp (D:6)
  4 white imps
  An ufetubus (D:5)
  2 worms (D:4)
  2 dart slugs
  33 orcs
  8 ball pythons
  4 endoplasms
  5 giant cockroaches
  9 hobgoblins
  4 jackals (D:5)
  20 kobolds
  2 quokkas
  5 bats
  4 frilled lizards
  9 goblins
  A goblin skeleton (D:3)
  2 goblin zombies (D:3)
  A hobgoblin zombie (D:3)
  2 kobold skeletons (D:3)
  3 kobold zombies (D:3)
  An orc skeleton (D:3)
  2 rats
285 creatures vanquished.

Vanquished Creatures (others)
  A fungus (Lair:1)
  A plant (Lair:1)
  4 toadstools (D:1)
6 creatures vanquished.

Grand Total: 291 creatures vanquished

Notes
Turn   | Place    | Note
-------+----------+-------------------------------------------
     0 | D:1      | qw the Troll Cinder Acolyte began the quest for the Orb.
     0 | D:1      | Reached XP level 1. HP: 22/22 MP: 1/1
     0 | D:1      | 0 ||| qw: Version: 0.1-a-97-g2dd2ca4
     0 | D:1      | 0 ||| qw: Game counter: 4975
     0 | D:1      | 0 ||| qw: Always use a shield: true
     0 | D:1      | 0 ||| qw: God list: Okawaru
     0 | D:1      | 0 ||| qw: Allow faded altars: false
     0 | D:1      | 0 ||| qw: Do Orc after D:15 true
     0 | D:1      | 0 ||| qw: Do second Lair branch before Depths: true
     0 | D:1      | 0 ||| qw: Lair rune preference: random
     0 | D:1      | 0 ||| qw: Plans: Normal
     0 | D:1      | 0 ||| PLANNING D:1-11
   147 | D:1      | Reached XP level 2. HP: 29/29 MP: 2/2
   563 | D:1      | 563 ||| DROPPING ring of wizardry.
   564 | D:1      | 564 ||| READING scroll labelled KOTHRU UDYEME.
   565 | D:1      | 565 ||| READING scroll labelled WAIMIFR BAQUT.
   613 | D:2      | Found a faded altar of an unknown god.
   627 | D:2      | 627 ||| Stepping ~*~*~tactically~*~*~ (outnumbered).
   635 | D:2      | Reached skill level 4 in Unarmed Combat
   666 | D:2      | Reached XP level 3. HP: 36/36 MP: 3/3
   675 | D:2      | Found Aditryru's Distillery.
   685 | D:2      | 685 ||| Stepping ~*~*~tactically~*~*~ (outnumbered).
   687 | D:2      | 687 ||| Stepping ~*~*~tactically~*~*~ (outnumbered).
   689 | D:2      | 689 ||| Stepping ~*~*~tactically~*~*~ (outnumbered).
   691 | D:2      | 691 ||| Stepping ~*~*~tactically~*~*~ (outnumbered).
   701 | D:2      | 701 ||| SHOPLISTING 2 potions of mutation (208 gold, have
                  | 56).
   701 | D:2      | 701 ||| BUYING potion of curing (39 gold).
   701 | D:2      | Bought a potion of curing for 39 gold pieces
   701 | D:2      | 701 ||| SHOPLISTING potion of curing (39 gold, have 17).
   701 | D:2      | 701 ||| SHOPLISTING potion of heal wounds (65 gold, have
                  | 17).
   918 | D:2      | Noticed Terence
   928 | D:2      | Killed Terence
   966 | D:2      | Reached skill level 5 in Unarmed Combat
   966 | D:2      | Reached XP level 4. HP: 42/44 MP: 4/4
  1261 | D:2      | 1261 ||| READING scroll labelled GUVEGUS IWUGGA.
  1262 | D:2      | 1262 ||| READING scroll labelled SITAMU FICRIL.
  1281 | D:3      | 1281 ||| STAIRDANCE
  1286 | D:3      | 1286 ||| STAIRDANCE
  1399 | D:3      | 1399 ||| Stepping ~*~*~tactically~*~*~ (stealth).
  1400 | D:3      | 1400 ||| Stepping ~*~*~tactically~*~*~ (stealth).
  1401 | D:3      | 1401 ||| Stepping ~*~*~tactically~*~*~ (stealth).
  1402 | D:3      | 1402 ||| Stepping ~*~*~tactically~*~*~ (stealth).
  1413 | D:3      | 1413 ||| Stepping ~*~*~tactically~*~*~ (stealth).
  1419 | D:3      | 1419 ||| Stepping ~*~*~tactically~*~*~ (stealth).
  1437 | D:3      | 1437 ||| Stepping ~*~*~tactically~*~*~ (outnumbered).
  1449 | D:3      | 1449 ||| Stepping ~*~*~tactically~*~*~ (stealth).
  1454 | D:3      | Found a glowing golden altar of the Shining One.
  1476 | D:3      | Noticed a black bear
  1483 | D:3      | Killed a black bear
  1484 | D:3      | Reached skill level 6 in Unarmed Combat
  1484 | D:3      | Reached XP level 5. HP: 45/50 MP: 5/5
  1885 | D:3      | Found a hide-covered altar of Uskayaw.
  2008 | D:3      | 2008 ||| Stepping ~*~*~tactically~*~*~ (stealth).
  2019 | D:3      | 2019 ||| Stepping ~*~*~tactically~*~*~ (stealth).
  2023 | D:3      | 2023 ||| Stepping ~*~*~tactically~*~*~ (stealth).
  2097 | D:3      | Found a burning altar of Makhleb.
  2133 | D:3      | 2133 ||| READING scroll labelled XAGIVU GUCACSERGHUDD.
  2134 | D:3      | 2134 ||| DRINKING 2 green potions.
  2135 | D:3      | 2135 ||| DROPPING potion of flight.
  2239 | D:4      | Noticed a water moccasin
  2242 | D:4      | Killed a water moccasin
  2243 | D:4      | Reached skill level 7 in Unarmed Combat
  2243 | D:4      | Reached XP level 6. HP: 55/59 MP: 6/6
  2345 | D:4      | Identified the +9 sling "Ysmuguz" {venom, rCorr}
  2902 | D:4      | 2902 ||| DROPPING scarf of shadows.
  2903 | D:4      | 2903 ||| READING 2 scrolls of identify.
  2903 | D:4      | 2903 ||| IDENTIFYING cyan potion
  2904 | D:4      | 2904 ||| DROPPING potion of ambrosia.
  2927 | D:5      | Entered Level 5 of the Dungeon
  2938 | D:5      | 2938 ||| INVOKING Fiery Armour.
  2944 | D:5      | 2944 ||| FLEEEEING.
  2948 | D:5      | HP: 5/59 [iguana (11)]
  2949 | D:5      | 2949 ||| READING 3 scrolls of teleportation.
  2949 | D:5      | HP: 2/59 [iguana (4)]
  2950 | D:5      | Reached skill level 8 in Unarmed Combat
  2950 | D:5      | 2950 ||| STAIRDANCE
  3086 | D:5      | Reached XP level 7. HP: 58/66 MP: 7/7
  3156 | D:5      | 3156 ||| Stepping ~*~*~tactically~*~*~ (hiding).
  3159 | D:5      | 3159 ||| Stepping ~*~*~tactically~*~*~ (hiding).
  3242 | D:5      | 3242 ||| Stepping ~*~*~tactically~*~*~ (stealth).
  3243 | D:5      | 3243 ||| Stepping ~*~*~tactically~*~*~ (stealth).
  3244 | D:5      | 3244 ||| Stepping ~*~*~tactically~*~*~ (stealth).
  3271 | D:5      | Reached skill level 3 in Fighting
  3481 | D:5      | 3481 ||| Stepping ~*~*~tactically~*~*~ (hiding).
  3485 | D:5      | 3485 ||| Stepping ~*~*~tactically~*~*~ (hiding).
  3525 | D:5      | 3525 ||| Stepping ~*~*~tactically~*~*~ (stealth).
  3529 | D:5      | 3529 ||| DRINKING 3 potions of curing.
  3529 | D:5      | 3529 ||| (to cure confusion)
  3539 | D:5      | 3539 ||| INVOKING Fiery Armour.
  3547 | D:5      | 3547 ||| DRINKING 2 potions of curing.
  3547 | D:5      | 3547 ||| (to cure confusion)
  3626 | D:5      | Reached skill level 9 in Unarmed Combat
  3635 | D:5      | Found Hias Soych's Weapon Emporium.
  3692 | D:5      | 3692 ||| READING scroll labelled POKOOSU JEOZ.
  3793 | D:5      | 3793 ||| READING 2 scrolls labelled LUGRIO AGUMA.
  3794 | D:5      | 3794 ||| READING scroll labelled ZABOAM ONNUWK.
  3795 | D:5      | 3795 ||| READING 2 scrolls of identify.
  3795 | D:5      | 3795 ||| IDENTIFYING red potion
  3796 | D:5      | 3796 ||| DROPPING scroll of fear.
  3797 | D:5      | 3797 ||| READING 3 scrolls of teleportation.
  3846 | D:6      | 3846 ||| Stepping ~*~*~tactically~*~*~ (hiding).
  3907 | D:6      | 3907 ||| Stepping ~*~*~tactically~*~*~ (stealth).
  3917 | D:6      | Reached skill level 1 in Dodging
  3925 | D:6      | 3925 ||| INVOKING Fiery Armour.
  3927 | D:6      | Reached XP level 8. HP: 22/75 MP: 8/8
  3989 | D:6      | Found an iron altar of Okawaru.
  4033 | D:6      | 4033 ||| Stepping ~*~*~tactically~*~*~ (hiding).
  4035 | D:6      | Reached skill level 1 in Throwing
  4145 | D:6      | Noticed Maggie
  4158 | D:6      | Killed Maggie
  4159 | D:6      | Reached skill level 10 in Unarmed Combat
  4411 | D:6      | 4411 ||| Stepping ~*~*~tactically~*~*~ (stealth).
  4412 | D:6      | 4412 ||| Stepping ~*~*~tactically~*~*~ (stealth).
  4414 | D:6      | 4414 ||| Stepping ~*~*~tactically~*~*~ (hiding).
  4415 | D:6      | 4415 ||| Stepping ~*~*~tactically~*~*~ (hiding).
  4416 | D:6      | 4416 ||| Stepping ~*~*~tactically~*~*~ (hiding).
  4419 | D:6      | 4419 ||| Stepping ~*~*~tactically~*~*~ (hiding).
  4523 | D:6      | 4523 ||| UPGRADING to +0 swamp dragon scales.
  4533 | D:6      | 4533 ||| DROPPING +0 robe.
  4534 | D:6      | 4534 ||| UPGRADING to ring of resist corrosion.
  4583 | D:7      | 4583 ||| Stepping ~*~*~tactically~*~*~ (hiding).
  4584 | D:7      | 4584 ||| Stepping ~*~*~tactically~*~*~ (stealth).
  4596 | D:7      | 4596 ||| Stepping ~*~*~tactically~*~*~ (outnumbered).
  4599 | D:7      | Reached skill level 1 in Armour
  4739 | D:7      | 4739 ||| Stepping ~*~*~tactically~*~*~ (stealth).
  4780 | D:7      | Found a staircase to the Ecumenical Temple.
  4786 | D:7      | 4786 ||| Stepping ~*~*~tactically~*~*~ (hiding).
  4787 | D:7      | 4787 ||| Stepping ~*~*~tactically~*~*~ (hiding).
  4790 | D:7      | 4790 ||| Stepping ~*~*~tactically~*~*~ (hiding).
  4801 | D:7      | Reached skill level 11 in Unarmed Combat
  4801 | D:7      | Reached XP level 9. HP: 70/84 MP: 9/9
  4837 | D:7      | 4837 ||| Stepping ~*~*~tactically~*~*~ (hiding).
  4839 | D:7      | 4839 ||| Stepping ~*~*~tactically~*~*~ (hiding).
  4844 | D:7      | 4844 ||| Stepping ~*~*~tactically~*~*~ (stealth).
  4847 | D:7      | 4847 ||| Stepping ~*~*~tactically~*~*~ (outnumbered).
  4875 | D:7      | 4875 ||| Stepping ~*~*~tactically~*~*~ (hiding).
  4876 | D:7      | 4876 ||| Stepping ~*~*~tactically~*~*~ (hiding).
  4884 | D:7      | 4884 ||| Stepping ~*~*~tactically~*~*~ (outnumbered).
  4885 | D:7      | 4885 ||| INVOKING Fiery Armour.
  4885 | D:7      | HP: 19/76 [wight/+2 mace (2)]
  4886 | D:7      | 4886 ||| READING 2 scrolls of teleportation.
  4887 | D:7      | 4887 ||| Stepping ~*~*~tactically~*~*~ (outnumbered).
  4888 | D:7      | 4888 ||| Stepping ~*~*~tactically~*~*~ (outnumbered).
  4889 | D:7      | 4889 ||| Stepping ~*~*~tactically~*~*~ (outnumbered).
  4890 | D:7      | 4890 ||| Stepping ~*~*~tactically~*~*~ (outnumbered).
  5187 | D:7      | 5187 ||| Stepping ~*~*~tactically~*~*~ (stealth).
  5190 | D:7      | 5190 ||| Stepping ~*~*~tactically~*~*~ (stealth).
  5211 | D:7      | 5211 ||| Stepping ~*~*~tactically~*~*~ (stealth).
  5220 | D:7      | 5220 ||| Stepping ~*~*~tactically~*~*~ (stealth).
  5221 | D:7      | 5221 ||| Stepping ~*~*~tactically~*~*~ (stealth).
  5222 | D:7      | 5222 ||| Stepping ~*~*~tactically~*~*~ (stealth).
  5296 | D:7      | 5296 ||| Stepping ~*~*~tactically~*~*~ (stealth).
  5298 | D:7      | 5298 ||| Stepping ~*~*~tactically~*~*~ (stealth).
  5436 | D:7      | 5436 ||| FLEEEEING.
  5438 | D:7      | 5438 ||| FLEEEEING.
  5439 | D:7      | 5439 ||| FLEEEEING.
  5440 | D:7      | 5440 ||| FLEEEEING.
  5441 | D:7      | 5441 ||| FLEEEEING.
  5462 | D:7      | 5462 ||| Stepping ~*~*~tactically~*~*~ (stealth).
  5464 | D:7      | 5464 ||| Stepping ~*~*~tactically~*~*~ (hiding).
  5473 | D:7      | Reached skill level 12 in Unarmed Combat
  5740 | D:7      | 5740 ||| Stepping ~*~*~tactically~*~*~ (stealth).
  5747 | D:7      | 5747 ||| Stepping ~*~*~tactically~*~*~ (outnumbered).
  5758 | D:7      | 5758 ||| INVOKING Fiery Armour.
  5761 | D:7      | HP: 21/85 [poisoned by a killer bee]
  5766 | D:7      | HP: 20/87 [poisoned by a killer bee]
  6177 | D:7      | 6177 ||| DROPPING orb of mayhem.
  6178 | D:7      | 6178 ||| UPGRADING to +6 ring of dexterity.
  6262 | D:8      | 6262 ||| Stepping ~*~*~tactically~*~*~ (outnumbered).
  6263 | D:8      | 6263 ||| Stepping ~*~*~tactically~*~*~ (outnumbered).
  6264 | D:8      | 6264 ||| Stepping ~*~*~tactically~*~*~ (outnumbered).
  6265 | D:8      | 6265 ||| Stepping ~*~*~tactically~*~*~ (outnumbered).
  6266 | D:8      | 6266 ||| Stepping ~*~*~tactically~*~*~ (outnumbered).
  6300 | D:8      | 6300 ||| Stepping ~*~*~tactically~*~*~ (stealth).
  6301 | D:8      | 6301 ||| Stepping ~*~*~tactically~*~*~ (stealth).
  6311 | D:8      | 6311 ||| Stepping ~*~*~tactically~*~*~ (hiding).
  6316 | D:8      | 6316 ||| INVOKING Fiery Armour.
  6326 | D:8      | 6326 ||| Stepping ~*~*~tactically~*~*~ (outnumbered).
  6352 | D:8      | 6352 ||| Stepping ~*~*~tactically~*~*~ (stealth).
  6353 | D:8      | 6353 ||| Stepping ~*~*~tactically~*~*~ (stealth).
  6518 | D:8      | Reached XP level 10. HP: 71/95 MP: 10/10
  6520 | D:8      | 6520 ||| FLEEEEING.
  6524 | D:8      | 6524 ||| FLEEEEING.
  6525 | D:8      | 6525 ||| FLEEEEING.
  6526 | D:8      | 6526 ||| FLEEEEING.
  6528 | D:8      | 6528 ||| FLEEEEING.
  6531 | D:8      | 6531 ||| FLEEEEING.
  6532 | D:8      | 6532 ||| FLEEEEING.
  6537 | D:8      | Reached skill level 13 in Unarmed Combat
  6586 | D:8      | 6586 ||| FLEEEEING.
  6587 | D:8      | 6587 ||| FLEEEEING.
  6588 | D:8      | 6588 ||| FLEEEEING.
  6589 | D:8      | 6589 ||| FLEEEEING.
  6590 | D:8      | 6590 ||| FLEEEEING.
  6591 | D:8      | 6591 ||| FLEEEEING.
  6592 | D:8      | 6592 ||| FLEEEEING.
  6593 | D:8      | 6593 ||| FLEEEEING.
  6594 | D:8      | 6594 ||| FLEEEEING.
  6595 | D:8      | 6595 ||| FLEEEEING.
  6596 | D:8      | 6596 ||| FLEEEEING.
  6654 | D:8      | 6654 ||| Stepping ~*~*~tactically~*~*~ (stealth).
  6655 | D:8      | 6655 ||| Stepping ~*~*~tactically~*~*~ (stealth).
  6659 | D:8      | 6659 ||| Stepping ~*~*~tactically~*~*~ (outnumbered).
  6838 | D:8      | Found a transporter.
  6839 | D:8      | Found a transporter.
  6843 | D:8      | Noticed a boulder beetle
  6914 | D:8      | 6914 ||| READING scroll labelled ISAMAP JOPN.
  6915 | D:8      | 6915 ||| READING scroll labelled TUHIETIDAO.
  6943 | D:9      | 6943 ||| READING scroll of enchant armour.
  6943 | D:9      | 6943 ||| ENCHANTING +0 swamp dragon scales.
  6960 | D:9      | 6960 ||| Stepping ~*~*~tactically~*~*~ (stealth).
  6962 | D:9      | 6962 ||| Stepping ~*~*~tactically~*~*~ (hiding).
  6972 | D:9      | 6972 ||| Stepping ~*~*~tactically~*~*~ (stealth).
  7233 | D:9      | 7233 ||| Stepping ~*~*~tactically~*~*~ (hiding).
  7241 | D:9      | 7241 ||| Stepping ~*~*~tactically~*~*~ (outnumbered).
  7249 | D:9      | 7249 ||| Stepping ~*~*~tactically~*~*~ (hiding).
  7384 | D:9      | Identified the +7 spear of Uskayaw's Regard {vorpal, Will+}
  7392 | D:9      | 7392 ||| READING scroll of enchant armour.
  7392 | D:9      | 7392 ||| ENCHANTING +1 swamp dragon scales.
  7427 | D:9      | Found Zyta's Jewellery Emporium.
  7430 | D:9      | 7430 ||| SHOPLISTING +6 ring of strength (504 gold, have
                  | 457).
  7430 | D:9      | 7430 ||| BUYING ring of protection from cold (350 gold).
  7430 | D:9      | Bought a ring of protection from cold for 350 gold pieces
  7430 | D:9      | 7430 ||| SHOPLISTING ring of protection from cold (350
                  | gold, have 107).
  7430 | D:9      | 7430 ||| SHOPLISTING ring of protection from fire (350
                  | gold, have 107).
  7430 | D:9      | 7430 ||| SHOPLISTING ring of the Catfish {Wiz Will+ rCorr
                  | SInv} (733 gold, have 107).
  7461 | D:9      | 7461 ||| Stepping ~*~*~tactically~*~*~ (stealth).
  7464 | D:9      | 7464 ||| INVOKING Fiery Armour.
  7470 | D:9      | 7470 ||| Stepping ~*~*~tactically~*~*~ (outnumbered).
  7617 | D:9      | 7617 ||| Stepping ~*~*~tactically~*~*~ (stealth).
  7619 | D:9      | 7619 ||| Stepping ~*~*~tactically~*~*~ (hiding).
  7621 | D:9      | 7621 ||| Stepping ~*~*~tactically~*~*~ (hiding).
  7626 | D:9      | 7626 ||| Stepping ~*~*~tactically~*~*~ (hiding).
  7695 | D:9      | 7695 ||| UPGRADING to ring of protection from cold.
  7697 | D:9      | 7697 ||| DRINKING 2 pink potions.
  7697 | D:9      | Gained mutation: You are frail. (-10% HP) [potion of
                  | mutation]
  7697 | D:9      | Gained mutation: You are partially covered in iridescent
                  | scales. (AC +2) [potion of mutation]
  7697 | D:9      | Gained mutation: Your flesh is heat resistant. (rF+)
                  | [potion of mutation]
  7698 | D:9      | 7698 ||| DRINKING potion of mutation.
  7698 | D:9      | Lost mutation: Your flesh is heat resistant. (rF+) [potion
                  | of mutation]
  7698 | D:9      | Lost mutation: You are frail. (-10% HP) [potion of
                  | mutation]
  7698 | D:9      | Gained mutation: You are mostly covered in iridescent
                  | scales. (AC +4) [potion of mutation]
  7707 | D:9      | 7707 ||| DRINKING 2 sedimented grey potions.
  7730 | D:10     | Entered Level 10 of the Dungeon
  7775 | D:10     | Noticed a two-headed ogre
  7776 | D:10     | 7776 ||| INVOKING Fiery Armour.
  7780 | D:10     | Killed a two-headed ogre
  7781 | D:10     | Reached skill level 14 in Unarmed Combat
  7781 | D:10     | 7781 ||| FLEEEEING.
  7782 | D:10     | 7782 ||| FLEEEEING.
  7783 | D:10     | 7783 ||| FLEEEEING.
  7784 | D:10     | 7784 ||| FLEEEEING.
  7785 | D:10     | 7785 ||| FLEEEEING.
  7786 | D:10     | 7786 ||| FLEEEEING.
  7787 | D:10     | 7787 ||| FLEEEEING.
  7788 | D:10     | 7788 ||| FLEEEEING.
  7789 | D:10     | 7789 ||| FLEEEEING.
  7790 | D:10     | 7790 ||| FLEEEEING.
  8011 | D:10     | 8011 ||| Stepping ~*~*~tactically~*~*~ (stealth).
  8019 | D:10     | 8019 ||| Stepping ~*~*~tactically~*~*~ (outnumbered).
  8020 | D:10     | 8020 ||| Stepping ~*~*~tactically~*~*~ (outnumbered).
  8021 | D:10     | 8021 ||| Stepping ~*~*~tactically~*~*~ (outnumbered).
  8022 | D:10     | 8022 ||| Stepping ~*~*~tactically~*~*~ (outnumbered).
  8023 | D:10     | 8023 ||| Stepping ~*~*~tactically~*~*~ (outnumbered).
  8024 | D:10     | 8024 ||| Stepping ~*~*~tactically~*~*~ (outnumbered).
  8030 | D:10     | Reached skill level 6 in Fighting
  8094 | D:10     | Found a hazy altar of Hepliaklqana.
  8095 | D:10     | Found a white marble altar of Elyvilon.
  8151 | D:10     | Reached skill level 3 in Dodging
  8200 | D:10     | 8200 ||| Stepping ~*~*~tactically~*~*~ (outnumbered).
  8201 | D:10     | 8201 ||| Stepping ~*~*~tactically~*~*~ (outnumbered).
  8211 | D:10     | 8211 ||| FLEEEEING.
  8212 | D:10     | 8212 ||| FLEEEEING.
  8213 | D:10     | 8213 ||| FLEEEEING.
  8214 | D:10     | 8214 ||| FLEEEEING.
  8215 | D:10     | 8215 ||| FLEEEEING.
  8216 | D:10     | 8216 ||| FLEEEEING.
  8217 | D:10     | 8217 ||| FLEEEEING.
  8218 | D:10     | 8218 ||| FLEEEEING.
  8219 | D:10     | 8219 ||| FLEEEEING.
  8220 | D:10     | 8220 ||| FLEEEEING.
  8221 | D:10     | 8221 ||| FLEEEEING.
  8222 | D:10     | 8222 ||| FLEEEEING.
  8223 | D:10     | 8223 ||| FLEEEEING.
  8224 | D:10     | 8224 ||| FLEEEEING.
  8225 | D:10     | 8225 ||| FLEEEEING.
  8290 | D:10     | Noticed Erolcha
  8291 | D:10     | 8291 ||| INVOKING Fiery Armour.
  8292 | Abyss:2  | Cast into level 2 of the Abyss (Erolcha)
  8306 | Abyss:2  | Noticed a blizzard demon
  8307 | Abyss:2  | 8307 ||| Stepping ~*~*~tactically~*~*~ (hiding).
  8308 | Abyss:2  | 8308 ||| Stepping ~*~*~tactically~*~*~ (hiding).
  8309 | Abyss:2  | 8309 ||| Stepping ~*~*~tactically~*~*~ (hiding).
  8323 | Abyss:2  | Killed a blizzard demon
  8324 | Abyss:2  | Reached skill level 15 in Unarmed Combat
  8324 | Abyss:2  | Reached XP level 11. HP: 74/105 MP: 11/11
  8370 | Abyss:2  | 8370 ||| Stepping ~*~*~tactically~*~*~ (stealth).
  8373 | Abyss:2  | Noticed a spatial maelstrom
  8382 | Abyss:2  | 8382 ||| Stepping ~*~*~tactically~*~*~ (outnumbered).
  8385 | Abyss:2  | 8385 ||| Stepping ~*~*~tactically~*~*~ (outnumbered).
  8388 | Abyss:2  | Killed a spatial maelstrom
  8397 | Abyss:2  | Reached skill level 3 in Armour
  8403 | D:10     | Escaped the Abyss
  8407 | D:10     | 8407 ||| FLEEEEING.
  8415 | D:10     | 8415 ||| STAIRDANCE
  8427 | D:9      | 8427 ||| READING 2 scrolls of identify.
  8427 | D:9      | 8427 ||| IDENTIFYING puce potion
  8428 | D:9      | 8428 ||| DROPPING potion of invisibility.
  8432 | D:10     | 8432 ||| INVOKING Fiery Armour.
  8438 | D:10     | Killed Erolcha
  8609 | D:10     | 8609 ||| Stepping ~*~*~tactically~*~*~ (hiding).
  8674 | D:10     | Found a shadowy altar of Dithmenos.
  8839 | D:10     | Found Unuoreh's Jewellery Emporium.
  8845 | D:10     | 8845 ||| SHOPLISTING +4 ring of evasion (540 gold, have
                  | 238).
  8845 | D:10     | 8845 ||| SHOPLISTING +4 ring of protection (540 gold, have
                  | 238).
  8845 | D:10     | 8845 ||| SHOPLISTING +6 ring of dexterity (540 gold, have
                  | 238).
  8845 | D:10     | 8845 ||| SHOPLISTING +6 ring of strength (540 gold, have
                  | 238).
  8845 | D:10     | 8845 ||| SHOPLISTING amulet of the acrobat (450 gold, have
                  | 238).
  8845 | D:10     | 8845 ||| SHOPLISTING ring of Tirchagh {rCorr Str+5 Dex+3
                  | Slay-4 SInv} (414 gold, have 238).
  8845 | D:10     | 8845 ||| BUYING ring of see invisible (225 gold).
  8845 | D:10     | Bought a ring of see invisible for 225 gold pieces
  8845 | D:10     | 8845 ||| SHOPLISTING ring of the Equinox {*Corrode rPois
                  | Int+2 Dex+6 Stlth+} (615 gold, have 13).
  8848 | D:10     | 8848 ||| UPGRADING to +0 kite shield.
  8853 | D:10     | 8853 ||| UPGRADING to ring of see invisible.
  8855 | D:10     | 8855 ||| UPGRADING to ring of protection from cold.
  8857 | D:10     | 8857 ||| READING scroll labelled DYPHOAZXEY.
  8858 | D:10     | 8858 ||| READING scroll labelled QIATAJ GANYU.
  8869 | D:11     | 8869 ||| STAIRDANCE
  8912 | D:11     | Reached skill level 1 in Shields
  9040 | D:11     | 9040 ||| INVOKING Fiery Armour.
  9044 | D:11     | Noticed a boulder beetle
  9045 | D:11     | 9045 ||| Stepping ~*~*~tactically~*~*~ (stealth).
  9048 | D:11     | Reached skill level 3 in Shields
  9061 | D:11     | 9061 ||| Stepping ~*~*~tactically~*~*~ (stealth).
  9062 | D:11     | 9062 ||| Stepping ~*~*~tactically~*~*~ (stealth).
  9070 | D:11     | Killed a boulder beetle
  9123 | D:11     | Noticed a boulder beetle
  9140 | D:11     | Killed a boulder beetle
  9204 | D:11     | Noticed a four-headed hydra
  9205 | D:11     | 9205 ||| INVOKING Fiery Armour.
  9210 | D:11     | Killed a seven-headed hydra
  9211 | D:11     | Reached skill level 6 in Shields
  9283 | D:11     | Identified the +5 flail of Gallantry {pain, rF+ SInv}
  9297 | D:11     | Noticed a red ugly thing
  9303 | D:11     | Killed a red ugly thing
  9304 | D:11     | Reached skill level 3 in Throwing
  9364 | D:11     | Noticed a wizard
  9365 | D:11     | 9365 ||| Stepping ~*~*~tactically~*~*~ (hiding).
  9370 | D:11     | Noticed an ogre mage
  9371 | D:11     | 9371 ||| INVOKING Fiery Armour.
  9371 | D:11     | Noticed a tengu warrior
  9373 | D:11     | 9373 ||| Stepping ~*~*~tactically~*~*~ (outnumbered).
  9375 | D:11     | Killed a wizard
  9379 | D:11     | Noticed a white ugly thing
  9384 | D:11     | Killed an ogre mage
  9385 | D:11     | 9385 ||| Stepping ~*~*~tactically~*~*~ (hiding).
  9386 | D:11     | Noticed a deep elf pyromancer
  9395 | D:11     | Killed a tengu warrior
  9396 | D:11     | Reached XP level 12. HP: 104/114 MP: 12/12
  9396 | D:11     | 9396 ||| Stepping ~*~*~tactically~*~*~ (hiding).
  9587 | D:11     | 9587 ||| PLANNING CONVERSION TO OKAWARU
  9589 | D:11     | Noticed Fannar
  9605 | D:11     | Killed Fannar
  9724 | D:6      | Fell from the grace of Ignis
  9724 | D:6      | Became a worshipper of Warmaster Okawaru
  9725 | D:6      | 9725 ||| PLANNING D:1-11
  9725 | D:6      | 9725 ||| UPGRADING to amulet of reflection.
 10017 | D:11     | Found a staircase to the Lair.
 10040 | D:11     | 10040 ||| PLANNING LAIR
 10057 | Lair:1   | Entered Level 1 of the Lair of Beasts
 10088 | Lair:1   | Noticed a four-headed hydra
 10089 | Lair:1   | 10089 ||| Stepping ~*~*~tactically~*~*~ (stealth).
 10106 | Lair:1   | HP: 22/114 [nine-headed hydra (7)]
 10107 | Lair:1   | 10107 ||| READING 5 scrolls of teleportation.
 10107 | Lair:1   | HP: 9/114 [nine-headed hydra (4)]
 10108 | Lair:1   | 10108 ||| DRINKING potion of heal wounds.
 10108 | Lair:1   | HP: 4/114 [nine-headed hydra (12)]
 10109 | Lair:1   | Mangled by a ten-headed hydra

Levels and vault maps discovered:
D:1:      ldierk_water_garden, layout_basic, chequers_serial_rivers_micro_a
D:2:      layout_loops_ring, serial_shops, nicolae_diamond_shop,
          shapermc_ecumenical_altar_venn, uniq_terence
D:3:      layout_basic, nicolae_tso_besieged_by_evil, general_overflow_altar,
          lemuel_doored_altar, st_stairs_14
D:4:      layout_cave_pods
D:5:      layout_rooms, serial_shops, nicolae_shop_bloodbath_and_beyond
D:6:      layout_cave_pools, mainiacjoe_overflow_boulevard, uniq_maggie
D:7:      layout_layer_cave, minmay_temple_entry_purple_smoke
D:8:      gammafunk_boulding_lane, layout_loops_ring
D:9:      layout_loops_cross, serial_shops, kennysheep_mini_moat
D:10:     layout_basic, chequers_temple_overflow_statue_of_worship,
          grunt_dithmenos_shadows, serial_shops, nicolae_stop_n_shop_2,
          uniq_erolcha
D:11:     minmay_the_grid_triangle_9x9_rhombus_full
          [minmay_the_grid_triangle_9x9_corrupted_corridor,
          minmay_the_grid_triangle_9x9_corruption,
          minmay_the_grid_triangle_9x9_steps,
          minmay_the_grid_triangle_9x9_thin_v,
          minmay_the_grid_triangle_9x9_intruding_spiral,
          minmay_the_grid_triangle_9x9_odd_lines,
          minmay_the_grid_triangle_9x9_wacky_v,
          minmay_the_grid_triangle_9x9_prize_center], layout_rooms,
          lair_entry_dummy, uniq_fannar
Lair:1:   layout_concentric_octagons, minmay_shattered_shrine, uniq_nergalle

Skill      XL: |  1  2  3  4  5  6  7  8  9 10 11 12 |
---------------+-------------------------------------+-----
Unarmed Combat | 4 5 6 7 8 9 11 12 15 | 15.4
Fighting       | 3 4 5 6 |  6.0
Dodging        | 1 2 3 |  3.0
Throwing       | 1 3 4 |  4.5
Armour         | 1 2 3 |  3.1
Shields        | 7 8 |  8.4
Spellcasting   | |  1.0
Fire Magic     | |  2.1

Action                   |  1- 3 |  4- 6 |  7- 9 | 10-12 || total
-------------------------+-------+-------+-------+-------++-------
Melee: Unarmed           |    61 |   153 |   276 |   325 ||   815
       Punch             |       |     2 |     9 |     9 ||    20
Throw: Boomerang         |       |       |    42 |    44 ||    86
       Large rock        |       |       |       |    15 ||    15
Invok: Fiery Armour      |       |     1 |     5 |     7 ||    13
  Use: Scroll            |     2 |     5 |     6 |     8 ||    21
       Potion            |       |     1 |     2 |     4 ||     7
Armor: Robe              |    15 |    40 |    21 |       ||    76
       Swamp dragon scal |       |       |    81 |   133 ||   214
Dodge: Dodged            |    17 |    54 |    96 |   121 ||   288
Block: Kite shield       |       |       |       |    40 ||    40

Table legend:
 A = Non-vault XP
 B = Vault XP
 C = Vault XP percentage of total XP
 D = Non-vault monster count
 E = Vault monster count
 F = Vault count percentage of total count
                 A         B        C        D         E       F
            +---------+---------+-------+---------+---------+-------
      Total |   14162 |   12398 |  46.7 |     244 |      39 |  13.8
            +---------+---------+-------+---------+---------+-------
        D:1 |      20 |       0 |   0.0 |      12 |       0 |   0.0
        D:2 |      53 |      36 |  40.4 |      19 |       1 |   5.0
        D:3 |     171 |      61 |  26.3 |      21 |      13 |  38.2
        D:4 |     224 |       0 |   0.0 |      13 |       0 |   0.0
        D:5 |     720 |       0 |   0.0 |      24 |       0 |   0.0
        D:6 |     757 |     415 |  35.4 |      15 |       1 |   6.2
        D:7 |    1750 |       0 |   0.0 |      38 |       0 |   0.0
        D:8 |    1744 |       0 |   0.0 |      39 |       0 |   0.0
        D:9 |    1307 |       0 |   0.0 |      34 |       0 |   0.0
       D:10 |    3789 |    1050 |  21.7 |      20 |       2 |   9.1
       D:11 |    1524 |   10551 |  87.4 |       4 |      20 |  83.3
     Lair:1 |       0 |     285 | 100.0 |       0 |       2 | 100.0
    Abyss:2 |    2103 |       0 |   0.0 |       5 |       0 |   0.0
            +---------+---------+-------+---------+---------+-------
